 Dungeon Crawl Stone Soup version 0.18.1-48-g4cf74bf (webtiles) character file.

22 wemp the Magician (level 2, -2/19 HPs)
             Began as a Mummy Wizard on Aug 2, 2016.
             Slain by a quokka (4 damage)
             ... on level 2 of the Dungeon.
             The game lasted 00:02:36 (1636 turns).

wemp the Magician (Mummy Wizard)                    Turns: 1636, Time: 00:02:36

Health: -2/19      AC:  2    Str: 10    XL:     2   Next: 68%
Magic:  3/6        EV: 12    Int: 17    God:
Gold:   108        SH:  0    Dex: 10    Spells: 1 memorised, 7 levels left

rFire  x . .     SeeInvis .     i - +1 mace (drain)
rCold  + . .     Gourm    .     a - +0 robe
rNeg   + + +     Faith    .     (no shield)
rPois  ∞         Spirit   .     b - +0 hat
rElec  .         Dismiss  .     (no cloak)
rCorr  .         Reflect  .     (no gloves)
SustAt .         Harm     .     (no boots)
MR     .....                    (no amulet)
Stlth  ++........               (no ring)
                                (no ring)

@: very slightly contaminated, not resistant to hostile enchantments, unstealthy
A: no food or potions, fire vulnerability, cold resistance 1, negative energy
resistance 3, torment resistance, unbreathing
a: no special abilities


You were on level 2 of the Dungeon.
You were not hungry.

You visited 1 branch of the dungeon, and saw 2 of its levels.

You collected 108 gold pieces.

Inventory:

Hand Weapons
 d - a +0 club
 e - a +0 dagger
 i - a +1 mace of draining (weapon)
Armour
 a - a +0 robe (worn)
 b - a +0 hat (worn)
Scrolls
 f - a scroll of noise {unknown}
 g - a scroll of random uselessness {unknown}
 h - a scroll of remove curse {unknown}
 j - a scroll of identify {unknown}
Books
 c - a book of Minor Magic

   Spells                             Type                      Level
   a - Magic Dart                     Conjuration                  1
   b - Blink                          Translocation                2
   c - Call Imp                       Summoning                    2
   d - Repel Missiles                 Charms/Air                   2
   e - Slow                           Hexes                        2
   f - Conjure Flame                  Conjuration/Fire             3
   g - Mephitic Cloud                 Conjuration/Poison/Air       3


   Skills:
 - Level 1.5 Dodging
 - Level 1.5 Stealth
 + Level 3.8 Spellcasting
 + Level 1.0 Conjurations
   Level 0.7 Summonings
   Level 0.7 Translocations


You had 7 spell levels left.
You knew the following spells:

 Your Spells              Type           Power        Failure   Level  Hunger
a - Magic Dart            Conj           #...         14%         1    N/A

Dungeon Overview and Level Annotations

Branches:
Dungeon (2/15)

Altars:
Pakellas


Innate Abilities, Weirdness & Mutations

You do not eat or drink.
Your flesh is vulnerable to fire.
You are immune to poison.
Your flesh is cold resistant.
You are immune to negative energy.
You are immune to unholy pain and torment.
You can survive without breathing.


Message History

Found a faded altar to an unknown god.
You completely miss the quokka. The quokka bites you. x2
You closely miss the quokka. The quokka bites you.
The quokka closely misses you.
You closely miss the quokka. The quokka closely misses you.
You miss the quokka. The quokka bites you.
The quokka bites you but does no damage.
You closely miss the quokka.
The quokka bites you but does no damage.
The quokka bites you.
You barely miss the quokka. The quokka bites you.
* * * LOW HITPOINT WARNING * * *
The quokka closely misses you.
Casting: Magic Dart
Confirm with . or Enter, or press ? or * to list all spells.
Aiming: Magic Dart
Press: ? - help, Shift-Dir - straight line, f/p - quokka
Aim: a quokka The magic dart hits the quokka.
The quokka bites you.
You die...

# #.....# #. ##....... #.#
........# .. ... #......#_
..###.###.......#
.................
.................
.....#..?@r.....#
.......#....<...#
..................#
..............#.#.##.
#......##.###.............
#..#.###......<...........
.. #. #.#.####...........
. #....###........... .
#.#......##(.......


You could see a quokka.

Vanquished Creatures
  4 giant cockroaches (D:1)
  4 goblins (D:1)
  2 hobgoblins (D:1)
  A quokka (D:2)
  A ball python (D:1)
  2 bats
  3 kobolds (D:1)
  2 rats (D:1)
19 creatures vanquished.

Notes
Turn   | Place    | Note
--------------------------------------------------------------
     0 | D:1      | wemp the Mummy Wizard began the quest for the Orb.
     0 | D:1      | Reached XP level 1. HP: 13/13 MP: 4/4
   522 | D:1      | Reached XP level 2. HP: 19/19 MP: 6/6
   712 | D:1      | Reached skill level 1 in Conjurations
  1524 | D:2      | Found an oddly glowing altar of Pakellas.
  1629 | D:2      | Found a faded altar to an unknown god.
  1636 | D:2      | Slain by a quokka

Skill      XL: |  1  2 |
---------------+-------+-----
Conjurations   | 1 |  1.0
Dodging        | |  1.5
Stealth        | |  1.5
Spellcasting   | |  3.8
Summonings     | |  0.7
Translocations | |  0.7

Action                   || total
-------------------------++-------
Melee: Club              ||    12
       Unarmed           ||    10
       Dagger            ||    30
       Mace              ||    18
 Cast: Magic Dart        ||    23
 Stab: Sleeping          ||     1
Armor: Robe              ||    20
Dodge: Dodged            ||    51
